 Dungeon Crawl Stone Soup version 0.29-a0-486-ga88943ba61 (webtiles) character file.

Game seed: 1274185417522715099

82496 Bruhh the Thaumaturge (level 16, -11/118 HPs)
             Began as a Djinni Earth Elementalist on May 26, 2022.
             Was the Champion of Jiyva.
             Mangled by an orc knight
             ... wielding a +0 halberd
              (27 damage)
             ... on level 2 of the Orcish Mines.
             The game lasted 00:55:31 (30410 turns).

Bruhh the Thaumaturge (Djinni Earth Elementalist)  Turns: 30410, Time: 00:55:39

Health: -11/118    AC: 19    Str:  7    XL:     16   Next: 21%
Gold:   1552       EV:  8    Int: 31    God:    Jiyva [******] SH: 22 Dex: 21

rFire   + + +      SeeInvis .   m - +9 morningstar "Dragon's Demise" {vorpal, rC+}
rCold   + . .      Faith    .   L - +0 kite shield
rNeg    . . .      Spirit   .   J - +2 scale mail {Will+}
rPois   ∞          Reflect  +   (no helmet)
rElec   .          Harm     .   W - +1 cloak {rF+}
rCorr   +          Rampage  .   E - +1 pair of gloves
Will    ++...                   (boots unavailable)
Stlth   +.........              h - amulet of reflection
HPRegen 1.89/turn               s - ring of protection from cold
MPRegen 0.00/turn               f - ring "Wuatog" {Int+6 Dex+7}

@: flying
A: sickness immunity, fire resistance 2, cold vulnerability 1, float, innate
caster, HP casting, extra vitality 1, iridescent scales 3, large bone plates 1,
sense surroundings 3, acidic bite, pseudopods 2
a: Renounce Religion, Oozemancy, Slimify


You were on level 2 of the Orcish Mines.
You worshipped Jiyva.
Jiyva was exalted by your worship.
You visited 4 branches of the dungeon, and saw 24 of its levels.
You also visited: Gauntlet and Volcano.

You collected 2192 gold pieces.
You spent 640 gold pieces at shops.

Inventory:

Hand Weapons
 m - the +9 morningstar "Dragon's Demise" (weapon) {vorpal, rC+}
   (You found it on level 12 of the Dungeon)

   It inflicts extra damage upon your enemies.
   rC:        It protects you from cold.
 w - a +4 flail of venom
 K - the +4 dire flail of the Witching Fox {vorpal, rPois rC+ Str-3 Int+3}
   (You found it on level 8 of the Dungeon)

   It inflicts extra damage upon your enemies.
   Str:       It affects your strength (-3).
   Int:       It affects your intelligence (+3).
   rC:        It protects you from cold.
   rPois:     It protects you from poison.
Missiles
 a - 440 stones
 F - 2 throwing nets
Armour
 E - a +1 pair of gloves (worn)
 J - a +2 scale mail of willpower (worn)
 L - a +0 kite shield (worn)
 V - a +2 ring mail of fire resistance
 W - a +1 cloak of fire resistance (worn)
Magical Staves
 U - a staff of cold
Jewellery
 f - the ring "Wuatog" (right hand) {Int+6 Dex+7}
   (You found it on level 8 of the Dungeon)

   [ring of intelligence]

   Int:       It affects your intelligence (+6).
   Dex:       It affects your dexterity (+7).
 h - an amulet of reflection (around neck)
 o - an amulet of the acrobat
 s - a ring of protection from cold (left hand)
 u - a ring of protection from cold
 B - a ring of fire
 I - a ring of ice
 X - an amulet of regeneration
Wands
 q - a wand of flame (29)
 z - a wand of paralysis (4)
 G - a wand of iceblast (14)
 N - a wand of polymorph (10)
 O - a wand of digging (4)
 T - a wand of acid (7)
 Z - a wand of charming (7)
Scrolls
 d - 3 scrolls of magic mapping
 e - 6 scrolls of teleportation
 g - 2 scrolls of blinking
 l - 7 scrolls of vulnerability
 p - a scroll of torment
 r - a scroll of summoning {unknown}
 t - 2 scrolls of poison
 y - 2 scrolls of enchant weapon
 H - 3 scrolls of amnesia
 M - 2 scrolls of immolation
 P - 2 scrolls of fog
 Q - a scroll of enchant armour
Potions
 b - a potion of resistance
 c - a potion of brilliance
 i - 10 potions of curing
 j - 8 potions of heal wounds
 k - 2 potions of haste
 n - 2 potions of invisibility
 v - 2 potions of attraction
 x - 4 potions of mutation
 A - 4 potions of lignification {unknown}
 C - a potion of cancellation {unknown}
 D - 7 potions of ambrosia
 R - a potion of berserk rage {unknown}


   Skills:
 - Level 11.7 Fighting
 + Level 12.5 Armour
 - Level 2.1 Dodging
 - Level 1.5 Stealth
 - Level 12.0 Shields
 - Level 13.0 Spellcasting
 - Level 9.1 Invocations


You had 6 spell levels left.
You knew the following spells:

 Your Spells              Type           Power      Damage    Failure   Level
a - Sandblast             Erth           100%       2d20      1%          1
b - Passwall              Tmut/Erth      65%        N/A       1%          2
c - Stone Arrow           Conj/Erth      100%       3d13      1%          3
d - Petrify               Tmut/Erth      79%        N/A       1%          4
e - Shock                 Conj/Air       100%       1d9       1%          1
f - Scorch                Fire           100%       2d10      1%          2
g - Wereblood             Tmut           79%        N/A       1%          2
h - Iskenderun's Mystic   Conj/Tloc      79%        2d16      1%          4
i - Summon Mana Viper     Hex/Summ       79%        N/A       4%          5
j - Metabolic Englaciati  Hex/Ice        39%        N/A       4%          5
k - Iron Shot             Conj/Erth      39%        9d8       22%         6
Your spell library was empty.

Dungeon Overview and Level Annotations

Branches:
Dungeon (15/15)            Temple (1/1) D:6            Lair (6/6) D:9
 Shoals (0/4) Lair:4       Spider (0/4) Lair:3        Slime (0/5) Lair:5
    Orc (2/2) D:12            Elf (0/3) Orc:2        Vaults (0/5) D:13
 Depths (0/4) D:15        Volcano (visited)         Gauntlet (visited)

Altars:
Ashenzari
Cheibriados
Dithmenos
Elyvilon
Fedhas
Gozag
Hepliaklqana
Kikubaaqudgha
Makhleb
Nemelex Xobeh
Okawaru
Qazlal
Ru
Sif Muna
Trog
Uskayaw
Vehumet
Wu Jian
Xom
Yredelemnul
Zin
The Shining One
Jiyva

Shops:
D:2 =   D:8 *   D:10 !

Annotations:
D:12 2 transporters, Bruhh's ghost, journeyman OgEE
Orc:2 1 runed translucent door, Dwachs's ghost, journeyman FoFi


Innate Abilities, Weirdness & Mutations

You are immune to sickness and miasma.
You are immune to poison.
Your flesh is very heat resistant. (rF++)
You are vulnerable to cold. (rC-)
You float through the air rather than walking.
You learn spells naturally, not from books.
Your magical power is your life essence.
You have superior vitality. (+4 MHP)
You are completely covered in iridescent scales. (AC +6)
You are partially covered in large bone plates. (SH +4)
You passively map a large area around you.
You have acidic saliva.
Armour fits poorly on your large pseudopods.


Message History

Casting: Iskenderun's Mystic Blast (mildly dangerous; 1% risk of failure)
Confirm with . or Enter, or press ? or * to list all spells.
A mana viper appears with a sibilant hiss.
An orc priest comes into view. It is wielding a +0 trident.
Your azure jelly hits the orc.
Your azure jelly freezes the orc!!
The orc dies!
You swap places.
Your azure jelly hits the orc knight!
Your azure jelly freezes the orc knight!!!
Your azure jelly closely misses the orc knight.
Your azure jelly hits the orc knight!
Your azure jelly misses the orc knight.
Your mana viper bites the orc knight but does no damage.
The orc knight hits your azure jelly with a +0 dire flail!!
The orc knight hits your mana viper with a +0 long sword!!
The orc knight hits you from afar with a +0 halberd!!
* * * LOW HITPOINT WARNING * * *
Your azure jelly barely misses the orc knight.
Your azure jelly hits the orc knight but does no damage.
Your azure jelly barely misses the orc knight.
Your azure jelly hits the orc knight.
Your mana viper bites the orc knight.
The orc knight hits your mana viper with a +0 great sword of electrocution!!
Your mana viper dies!
Your mana viper disappears in a puff of smoke!
The orc knight hits something with a +0 dire flail!
The orc priest calls upon Beogh to heal the orc knight.
The orc knight's wounds heal themselves!
The air fills with toxic fumes!
As you read the scroll of poison, it crumbles to dust.
The orc priest no longer looks unusually strong.
The orc priest barely misses your azure jelly.
The orc priest mumbles some strange prayers to Beogh against you.
Beogh smites you!
* * * LOW HITPOINT WARNING * * *
The orc priest calls upon Beogh to heal the orc knight.
The orc knight is healed somewhat.
The orc knight roars a battlecry!
The orc priest goes into a battle-frenzy!
The orc knight hits you from afar with a +0 halberd!!
You die...

##.......###
##.#.##..##
#...###...# ##.# ##.##
#### ## #.).# ##§§##
##...## #§§§§#
#...#§#####§§##
#...§§§§§##§§§#
##..§§§§§§§@§§#
##.§§§§§§§§§##
###§§§§§oo§##
##.##§§§§§o§# *
#...§§oo§.§§# ,
**#...§§§§§§§§# # ** ,
#...§§§§§§§§#.#.#. ,
,#..)oJo§§§§§§...... ,
.#.#..)))))..$........


You could see 4 orc knights, 3 orc priests and a friendly azure jelly
(summoned).

Vanquished Creatures
  Nessos (Lair:5)
  A stone giant (D:15)
  Snorg (D:11)
  2 fire dragons
  11 hydras
  2 vault guards (D:13)
  Erolcha (D:11)
  5 boulder beetles
  3 centaur warriors
  A catoblepas (Lair:6)
  6 two-headed ogres
  6 death yaks (Lair:6)
  2 tengu warriors
  An orc high priest (Orc:2)
  Sonja (D:11)
  Lodul (D:10)
  A flayed ghost (D:14)
  A lindwurm (Lair:6)
  An orc knight (Orc:1)
  2 ugly things
  An oklob plant (Lair:1)
  3 cyclopes
  4 orc sorcerers
  4 deep elf pyromancers
  3 manticores
  4 black mambas
  3 molten gargoyles (Lair:6)
  Maurice (Orc:2)
  11 cane toads
  A black mamba (shapeshifter) (D:14)
  2 gargoyles
  2 rime drakes
  Psyche (D:11)
  An unseen horror (D:10)
  9 komodo dragons
  A tengu conjurer (D:14)
  A polar bear (Lair:4)
  A queen bee (D:12)
  6 trolls
  3 meliai (D:12)
  2 hornets
  6 dream sheep
  17 blink frogs
  Eustachio (D:6)
  A wraith (D:14)
  54 yaks
  10 wyverns
  3 fire bats (Volcano)
  3 basilisks (Lair:6)
  4 steam dragons
  9 humans (D:13)
  2 wargs
  5 vampire mosquitoes
  2 acid dragons
  16 water moccasins
  5 hell hounds
  3 ice beasts
  15 orc warriors
  4 black bears
  17 ogres
  3 wolves (Lair:1)
  A phantom (D:6)
  10 centaurs
  5 kobold brigands
  17 bullfrogs
  5 gnoll sergeants
  7 scorpions
  6 wights
  26 killer bees
  3 electric eels
  6 howler monkeys
  5 lava snakes (Lair:6)
  6 hounds
  5 jellies
  9 orc priests
  4 gnoll shamans
  4 iguanas
  8 orc wizards
  Natasha (thrice) (D:4)
  6 hell rats (Lair:5)
  32 gnolls
  8 adders
  15 white imps
  An ufetubus (D:4)
  4 worms
  3 dart slugs
  58 orcs
  6 endoplasms
  6 giant cockroaches
  5 goblins
  5 hobgoblins
  12 jackals
  2 quokkas
  5 ball pythons
  4 bats
  2 frilled lizards
  20 kobolds
  5 rats
623 creatures vanquished.

Vanquished Creatures (collateral kills)
  Rupert (D:15)
  A hydra (Lair:2)
  A death knight (D:14)
  4 ugly things
  An unseen horror (D:13)
  A cane toad (Lair:6)
  5 yaks
  An orc warrior (Orc:2)
  A nameless horror (D:8)
  An orc priest (Orc:2)
  3 orcs
20 creatures vanquished.

Vanquished Creatures (others)
  A boulder beetle (D:12)
  2 slime creatures (D:12)
  2 dream sheep (Lair:6)
  A human (D:13)
  A water moccasin (Lair:4)
  An orc warrior (D:12)
  A wolf (Lair:1)
  A kobold brigand (D:12)
  A gnoll sergeant (D:12)
  46 jellies
  A demonic plant (Gauntlet)
  79 fungi
  67 plants
204 creatures vanquished.

Grand Total: 847 creatures vanquished

Notes
Turn   | Place    | Note
-------+----------+-------------------------------------------
     0 | D:1      | Bruhh the Djinni Earth Elementalist began the quest for the
                  | Orb.
     0 | D:1      | Reached XP level 1. HP: 15/15 MP: 0/0
   470 | D:1      | Reached XP level 2. HP: 18/21 MP: 0/0
   735 | D:1      | Reached skill level 3 in Spellcasting
   927 | D:1      | Reached XP level 3. HP: 22/25 MP: 0/0
   927 | D:1      | Learned a level 1 spell: Shock
  1475 | D:2      | Reached XP level 4. HP: 30/31 MP: 0/0
  1744 | D:2      | Found Gynicuh's Jewellery Shoppe.
  1982 | D:3      | Reached skill level 4 in Spellcasting
  2324 | D:3      | Found a faded altar of an unknown god.
  2939 | D:4      | Noticed Natasha
  2942 | D:4      | Reached XP level 5. HP: 33/35 MP: 0/0
  2942 | D:4      | Learned a level 2 spell: Scorch
  2943 | D:4      | Killed Natasha
  2954 | D:4      | Reached skill level 5 in Spellcasting
  2954 | D:4      | Reached XP level 6. HP: 24/40 MP: 0/0
  3040 | D:4      | Noticed Natasha
  3336 | D:4      | Killed Natasha
  3656 | D:4      | Reached XP level 7. HP: 38/45 MP: 0/0
  3656 | D:4      | Learned a level 2 spell: Wereblood
  3690 | D:4      | Reached skill level 6 in Spellcasting
  3857 | D:4      | Noticed Natasha
  3859 | D:4      | Killed Natasha
  4262 | D:5      | Entered Level 5 of the Dungeon
  4764 | D:5      | Reached XP level 8. HP: 36/50 MP: 0/0
  4773 | D:5      | Reached skill level 7 in Spellcasting
  5353 | D:5      | Reached skill level 5 in Fighting
  5993 | D:5      | Reached XP level 9. HP: 60/66 MP: 0/0
  5993 | D:5      | Learned a level 4 spell: Iskenderun's Mystic Blast
  6510 | D:6      | Noticed Eustachio
  7118 | D:6      | Killed Eustachio
  7790 | D:6      | Found a staircase to the Ecumenical Temple.
  7818 | Temple   | Entered the Ecumenical Temple
  7949 | Temple   | Became a worshipper of Elyvilon the Healer
  8327 | D:7      | Reached skill level 1 in Invocations
  8327 | D:7      | Reached XP level 10. HP: 71/79 MP: 0/0
  8329 | D:7      | Reached skill level 10 in Fighting
  8354 | D:7      | Reached skill level 5 in Invocations
  8757 | D:7      | Found a blossoming altar of Fedhas.
  9582 | D:8      | Reached * piety under Elyvilon
  9773 | D:8      | Noticed a five-headed hydra
  9781 | D:8      | Killed a five-headed hydra
 10088 | D:8      | Reached XP level 11. HP: 32/85 MP: 0/0
 10088 | D:8      | Learned a level 5 spell: Summon Mana Viper
 10688 | D:8      | Identified the +4 dire flail of the Witching Fox {vorpal,
                  | rPois rC+ Str-3 Int+3}
 10690 | D:8      | Identified the ring "Wuatog" {Int+6 Dex+7}
 11106 | D:8      | Found Xogus's Elemental Accessories.
 12189 | D:9      | Reached ** piety under Elyvilon
 12197 | D:9      | Reached skill level 1 in Shields
 12248 | D:9      | Noticed a two-headed ogre
 12257 | D:9      | Killed a two-headed ogre
 12675 | D:9      | Found a staircase to the Lair.
 12964 | D:9      | Noticed a brown ugly thing
 12976 | D:9      | Killed a brown ugly thing
 13277 | D:9      | Reached skill level 8 in Spellcasting
 13501 | Lair:1   | Entered Level 1 of the Lair of Beasts
 13501 | Lair:1   | Found a gate leading to a gauntlet.
 13512 | Gauntlet | Entered a Gauntlet
 13512 | Gauntlet | Noticed a fire crab
 13512 | Gauntlet | Found a transporter.
 13520 | Gauntlet | Found a transporter.
 13521 | Gauntlet | Found a transporter.
 13532 | Gauntlet | Found a transporter.
 13535 | Gauntlet | Found a transporter.
 13537 | Gauntlet | Noticed a sixfirhy
 13537 | Gauntlet | Noticed a sixfirhy
 13541 | Gauntlet | Noticed a sixfirhy
 13544 | Gauntlet | Found a transporter.
 13544 | Gauntlet | Noticed a sixfirhy
 13565 | Gauntlet | Found a transporter.
 13567 | Gauntlet | Noticed a quicksilver ooze
 13576 | Gauntlet | Found a transporter.
 13585 | Gauntlet | Noticed a catoblepas
 13586 | Gauntlet | Found a runed translucent gate.
 13587 | Gauntlet | Found a transporter.
 13588 | Gauntlet | Found a runed translucent gate.
 13588 | Gauntlet | Found a runed translucent gate.
 13606 | Gauntlet | Found a transporter.
 13620 | Gauntlet | Found a runed translucent door.
 13621 | Gauntlet | Found a transporter.
 13621 | Gauntlet | Found a transporter.
 13622 | Gauntlet | Found a runed translucent door.
 13624 | Gauntlet | Noticed a catoblepas
 13627 | Gauntlet | Reached *** piety under Elyvilon
 13660 | Gauntlet | Noticed a ghost crab
 13667 | Gauntlet | Found a transporter.
 13681 | Gauntlet | Found a transporter.
 13761 | Lair:1   | Noticed a four-headed hydra
 14290 | Lair:1   | Reached skill level 5 in Shields
 14353 | Lair:1   | Killed a four-headed hydra
 14739 | Lair:1   | Noticed a five-headed hydra
 14764 | Lair:1   | Noticed an eight-headed hydra
 14771 | Lair:1   | Killed an eight-headed hydra
 14772 | Lair:1   | Reached XP level 12. HP: 70/91 MP: 0/0
 14856 | Lair:1   | Found the +1 robe of Vines {NoPotionHeal Regen++++}
 15365 | Lair:1   | Killed a five-headed hydra
 15366 | Lair:1   | Reached skill level 9 in Spellcasting
 15907 | Lair:2   | Noticed an eight-headed hydra
 15914 | Lair:2   | Killed an eight-headed hydra
 16596 | Lair:2   | Reached **** piety under Elyvilon
 17319 | Lair:2   | Noticed an eight-headed hydra
 17330 | Lair:2   | Killed an eight-headed hydra
 17686 | Lair:3   | Reached ***** piety under Elyvilon
 17831 | Lair:3   | Found a hole to the Spider Nest.
 18565 | Lair:3   | Noticed an eight-headed hydra
 18576 | Lair:3   | Killed an eight-headed hydra
 18577 | Lair:3   | Reached skill level 10 in Spellcasting
 19099 | Lair:3   | You are sucked into a shaft and drop 2 floors!
 19106 | Lair:5   | Reached XP level 13. HP: 87/96 MP: 0/0
 19106 | Lair:5   | Learned a level 5 spell: Metabolic Englaciation
 19293 | Lair:5   | Reached skill level 10 in Shields
 19345 | Lair:5   | Reached skill level 1 in Armour
 20182 | Lair:5   | Noticed a boulder beetle
 20199 | Lair:5   | Killed a boulder beetle
 20379 | Lair:5   | Noticed Nessos
 20402 | Lair:5   | Killed Nessos
 20751 | Lair:5   | Found a viscous altar of Jiyva.
 20751 | Lair:5   | Found a staircase to the Slime Pits.
 20816 | Lair:5   | Fell from the grace of Elyvilon
 20816 | Lair:5   | Became a worshipper of Jiyva Joliubb the Shapeless
 20840 | Lair:6   | Entered Level 6 of the Lair of Beasts
 21040 | Lair:6   | Reached skill level 5 in Armour
 22229 | Lair:6   | Noticed a catoblepas
 22240 | Lair:6   | Killed a catoblepas
 22252 | Lair:6   | Reached XP level 14. HP: 17/103 MP: 0/0
 22614 | Lair:6   | Reached * piety under Jiyva
 23189 | Lair:6   | Reached skill level 10 in Armour
 23506 | Lair:6   | Found a large runed translucent door.
 23506 | Lair:6   | Found a large runed translucent door.
 24003 | Lair:4   | Reached ** piety under Jiyva
 24021 | Lair:4   | Found a staircase to the Shoals.
 24392 | Lair:4   | Found a dark tunnel.
 24437 | Volcano  | Entered a volcano
 24542 | Volcano  | Reached *** piety under Jiyva
 24859 | Lair:4   | Gained mutation: You are covered in slimy tendrils that may
                  | disarm your opponents. [Jiyva's grace]
 24859 | Lair:4   | Gained mutation: Your mind is acute. (Int +2) [Jiyva's
                  | grace]
 24859 | Lair:4   | Gained mutation: Your mind is very acute. (Int +4) [Jiyva's
                  | grace]
 24859 | Lair:4   | Gained mutation: You are partially covered in large bone
                  | plates. (SH +4) [Jiyva's grace]
 25341 | D:10     | Entered Level 10 of the Dungeon
 25477 | D:10     | Reached **** piety under Jiyva
 25789 | D:10     | Noticed Lodul
 25798 | D:10     | Killed Lodul
 25891 | D:10     | Found Fikumugu's Distillery.
 25895 | D:10     | Bought a potion of brilliance for 64 gold pieces
 25895 | D:10     | Bought a potion of heal wounds for 80 gold pieces
 25895 | D:10     | Bought 2 potions of mutation for 256 gold pieces
 25895 | D:10     | Bought a potion of haste for 160 gold pieces
 25895 | D:10     | Bought a potion of heal wounds for 80 gold pieces
 26395 | D:11     | Noticed Erolcha
 26411 | D:11     | Killed Erolcha
 26411 | D:11     | Noticed Snorg
 26442 | D:11     | Killed Snorg
 26443 | D:11     | Reached XP level 15. HP: 99/112 MP: 0/0
 26443 | D:11     | Learned a level 6 spell: Iron Shot
 26533 | D:11     | Reached ***** piety under Jiyva
 26574 | D:11     | Noticed Sonja
 26581 | D:11     | Killed Sonja
 26608 | D:11     | Noticed Psyche
 26611 | D:11     | Killed Psyche
 26651 | D:11     | Lost mutation: Your mind is very acute. (Int +4) [Jiyva's
                  | grace]
 26651 | D:11     | Gained mutation: You are partially covered in iridescent
                  | scales. (AC +2) [Jiyva's grace]
 26651 | D:11     | Gained mutation: You are mostly covered in iridescent
                  | scales. (AC +4) [Jiyva's grace]
 26651 | D:11     | Gained mutation: You are completely covered in iridescent
                  | scales. (AC +6) [Jiyva's grace]
 26651 | D:11     | Gained mutation: You are agile. (Dex +2) [Jiyva's grace]
 26944 | D:12     | Found a staircase to the Orcish Mines.
 27051 | D:12     | Identified the +9 morningstar "Dragon's Demise" {vorpal,
                  | rC+}
 27081 | D:12     | Found a transporter.
 27088 | D:12     | Noticed Bruhh's ghost (journeyman OgEE)
 27089 | D:12     | Found a bloodstained altar of Trog.
 27089 | D:12     | Found a transporter.
 27358 | D:12     | Found a blossoming altar of Fedhas.
 27547 | D:13     | Reached skill level 11 in Spellcasting
 27666 | D:13     | Found a hide-covered altar of Uskayaw.
 27907 | D:13     | Lost mutation: You are covered in slimy tendrils that may
                  | disarm your opponents. [Jiyva's grace]
 27907 | D:13     | Gained mutation: Armour fits poorly on your pseudopods.
                  | [Jiyva's grace]
 27907 | D:13     | Gained mutation: Armour fits poorly on your large
                  | pseudopods. [Jiyva's grace]
 27907 | D:13     | Gained mutation: Armour fits poorly on your massive
                  | pseudopods. [Jiyva's grace]
 27907 | D:13     | Gained mutation: Your body has grown eyes which may confuse
                  | attackers. (Acc +3) [Jiyva's grace]
 27909 | D:13     | Found a gate to the Vaults.
 27986 | D:14     | Lost mutation: You are agile. (Dex +2) [potion of mutation]
 27986 | D:14     | Lost mutation: Your mind is acute. (Int +2) [potion of
                  | mutation]
 27986 | D:14     | Lost mutation: Armour fits poorly on your massive
                  | pseudopods. [potion of mutation]
 27986 | D:14     | Gained mutation: Your spells are a little harder to cast,
                  | but a little more powerful. [potion of mutation]
 27986 | D:14     | Lost mutation: Your spells are a little harder to cast, but
                  | a little more powerful. [potion of mutation]
 28210 | D:14     | Reached ****** piety under Jiyva
 28218 | D:14     | Found a shadowy altar of Dithmenos.
 28249 | D:14     | Reached skill level 12 in Spellcasting
 28772 | D:15     | Entered Level 15 of the Dungeon
 29046 | D:15     | Noticed Rupert
 29052 | D:15     | Killed Rupert
 29093 | D:15     | Lost mutation: Your body has grown eyes which may confuse
                  | attackers. (Acc +3) [Jiyva's grace]
 29093 | D:15     | Gained mutation: You have acidic saliva. [Jiyva's grace]
 29093 | D:15     | Gained mutation: You passively map a small area around you.
                  | [Jiyva's grace]
 29093 | D:15     | Gained mutation: You passively map the area around you.
                  | [Jiyva's grace]
 29093 | D:15     | Gained mutation: You passively map a large area around you.
                  | [Jiyva's grace]
 29319 | D:15     | Reached XP level 16. HP: 113/118 MP: 0/0
 29389 | D:15     | Found a staircase to the Depths.
 29631 | Orc:1    | Entered Level 1 of the Orcish Mines
 29891 | Orc:2    | Entered Level 2 of the Orcish Mines
 29894 | Orc:2    | Reached skill level 13 in Spellcasting
 30064 | Orc:2    | Noticed Maurice
 30066 | Orc:2    | Noticed Dwachs's ghost (journeyman FoFi)
 30070 | Orc:2    | Killed Maurice
 30114 | Orc:2    | Found a runed translucent door.
 30232 | Orc:2    | Found a staircase to the Elven Halls.
 30410 | Orc:2    | Mangled by an orc knight

Illustrated notes

Levels and vault maps discovered:
D:1:      dpeg_arrival_three_smaller_balls, layout_basic, serial_curves,
          eino_curves_04, eino_curves_01
D:2:      layout_basic, serial_shops, shop, st_stairs_13
D:3:      layout_loops_ring, nicolae_ecumenical_oubliette
D:4:      layout_rooms, uniq_natasha
D:5:      layout_basic
D:6:      lemuel_ice_spiral_2, layout_basic, minmay_temple_entry_sparse_star,
          uniq_eustachio
D:7:      layout_rooms, mainiacjoe_overflow_brackets, dreamdust_gnoll_shepherd
D:8:      nzn_winding_woodlands_cross [nzn_winding_woodlands_5x15_default,
          nzn_winding_woodlands_5x15_eye, nzn_winding_woodlands_5x15_jagged,
          nzn_winding_woodlands_5x15_crooked,
          nzn_winding_woodlands_15x15_eel_pit], layout_layer_cave,
          nicolae_elemental_shop, st_stairs_2, feat_on_display
D:9:      layout_rooms, lair_entry_dummy
D:10:     layout_basic, serial_shops, shop, uniq_lodul
D:11:     layout_stronghold, uniq_snorg, uniq_sonja, uniq_erolcha, uniq_psyche
D:12:     layout_rooms, kennysheep_orc_monster_closet_entryway, special_room
          [special_room_bee], gammafunk_ghost_wrathful_warriors, fedhas_altar_3
D:13:     layout_big_octagon, ximxim_vaults_locker_room, minmay_statues_item,
          dancing_weapons_uskayaw
D:14:     layout_layer_cave, nicolae_dithmenos_shadow_blocks
D:15:     grunt_enter_depths_snipers, layout_irregular_city,
          minmay_misc_feat_tiny, uniq_rupert
Temple:   dpeg_three_leaves_temple
Lair:1:   layout_loops_ring, gauntlet_entry_generic,
          hellmonk_guarded_unrand_vines, grunt_megastairs_2,
          infiniplex_staircase_pool
Lair:2:   layout_chaotic_city, portal_ice_cave_entry_imps, st_stairs_11
Lair:3:   layout_hall_layers, nicolae_spider_entry_non_spiders,
          grunt_megastairs_5
Lair:4:   layout_regular_city, elwin_shoals_entry_rocks,
          nicolae_volcano_entry_lava_flow
Lair:5:   layout_loops_ring, dpeg_slime_entry_enclosed_altar,
          chequers_serial_rivers_small_a, lemuel_fruit_fields,
          serial_bayou_shore_b, grunt_megastairs_4, uniq_nessos
Lair:6:   cheibrodos_lair_end_hotspot, layout_cellular_growth
Orc:1:    layout_caves
Orc:2:    st_orc_pillars, layout_caves, hellmonk_ghost_happy_afterlife,
          uniq_maurice

Skill      XL: |  1  2  3  4  5  6  7  8  9 10 11 12 13 14 15 16 |
---------------+-------------------------------------------------+-----
Spellcasting   | 3 4 5 6 7 8 10 12 13 | 13.0
Fighting       | 5 9 10 11 | 11.7
Invocations    | 1 8 9 |  9.1
Shields        | 6 9 12 | 12.0
Armour         | 7 11 12 | 12.5
Dodging        | |  2.1
Stealth        | |  1.5

Action                   |  1- 3 |  4- 6 |  7- 9 | 10-12 | 13-15 | 16-18 || total
-------------------------+-------+-------+-------+-------+-------+-------++-------
Melee: Unarmed           |     7 |     4 |       |       |       |       ||    11
       Spear             |       |       |     4 |     5 |       |       ||     9
       Punch             |       |       |     1 |       |       |       ||     1
       Flail             |       |       |       |    25 |    53 |       ||    78
       Staff             |       |       |       |       |     3 |       ||     3
       Morningstar       |       |       |       |       |    16 |    21 ||    37
       Pseudopods        |       |       |       |       |       |     5 ||     5
       Bite              |       |       |       |       |       |     3 ||     3
 Cast: Sandblast         |    46 |    45 |       |     1 |       |       ||    92
       Stone Arrow       |       |    19 |   121 |   224 |   334 |    52 ||   750
       Scorch            |       |     3 |       |     3 |       |       ||     6
       Iskenderun's Myst |       |       |     1 |    38 |   176 |    21 ||   236
       Summon Mana Viper |       |       |       |     5 |     7 |     1 ||    13
       Metabolic Englaci |       |       |       |       |     7 |       ||     7
       Petrify           |       |       |       |       |     1 |       ||     1
       Iron Shot         |       |       |       |       |     5 |     2 ||     7
Evoke: Wand              |       |       |     2 |     4 |     2 |       ||     8
  Use: Scroll            |       |       |     7 |     3 |    16 |     2 ||    28
       Potion            |       |       |       |       |     1 |       ||     1
 Stab: Petrified         |       |       |       |       |     1 |       ||     1
Armor: Robe              |     3 |     5 |     5 |    21 |     1 |       ||    35
       Ring mail         |       |       |       |       |    87 |       ||    87
       Scale mail        |       |       |       |       |     1 |    16 ||    17
Dodge: Dodged            |    12 |    25 |    28 |    78 |    96 |     8 ||   247
Block: Kite shield       |       |       |       |    64 |   231 |    59 ||   354

Table legend: (Time is in decaauts)
 A = Elapsed time spent in this place.
 B = Non-inter-level travel time spent in this place.
 C = Inter-level travel time spent in this place.
 D = Time resting spent in this place.
 E = Time spent auto-exploring this place.
 F = Levels seen in this place.
 G = Mean time per level.
                   A        B        C        D        E       F      G
               +--------+--------+--------+--------+--------+-----+--------+
         Total |  30477 |  29401 |   1076 |   2462 |  23442 |  26 | 1172.2 |
       Dungeon |  18127 |  17424 |    703 |   1568 |  13904 |  15 | 1208.5 |
        Temple |    145 |    145 |      0 |      0 |    115 |   1 |  145.0 |
          Lair |  10832 |  10478 |    354 |    894 |   8465 |   6 | 1805.3 |
  Orcish Mines |    791 |    773 |     18 |      0 |    593 |   2 |  395.5 |
       Volcano |    387 |    387 |      0 |      0 |    220 |   1 |  387.0 |
      Gauntlet |    191 |    191 |      0 |      0 |    145 |   1 |  191.0 |
               +--------+--------+--------+--------+--------+-----+--------+

Top non-repeatable levels by time:
     D:8: 3460 daAuts
  Lair:6: 2813 daAuts
     D:5: 2630 daAuts
  Lair:2: 2044 daAuts
  Lair:5: 1977 daAuts
  Lair:1: 1593 daAuts
  Lair:3: 1522 daAuts
     D:9: 1477 daAuts
     D:3: 1436 daAuts
     D:6: 1262 daAuts
     D:1: 1125 daAuts
     D:4: 1034 daAuts
  Lair:4: 881 daAuts
    D:11: 829 daAuts
    D:15: 823 daAuts
